 Seeded DCSS version 0.31-a0-496-g6f97920a28 (webtiles) character file.

Game seed: 7415222406553760909 (custom seed)

133 innerfire43 the Changeling (level 4, 0/52 HPs)
             Began as a Draconian Shapeshifter on Aug 8, 2023.
             Frozen to death by an endoplasm (5 damage)
             ... on level 3 of the Dungeon.
             The game lasted 00:03:53 (2357 turns).

innerfire43 the Changeling (Draconian Shapeshifter) Turns: 2357, Time: 00:03:54

Health: 0/52       AC: 22    Str: 19    XL:     4   Next: 94%
Magic:  4/4        EV:  2    Int:  9    God:
Gold:   175        SH:  0    Dex: 11    Spells: 3/3 levels left

rFire   . .          .
                       - Unarmed
rCold   . . .        (no shield)
rNeg    . . .        (body armour unavailable)
rPois   +            (helmet currently unavailable)
rElec   .            n - melded +2 cloak
rCorr   .            l - melded +1 pair of gloves
SInv    .            (boots currently unavailable)
Will    .....        (no amulet)
Stlth   +            (no ring)
HPRegen 0.28/turn    (no ring)
MPRegen 0.09/turn

%: no passive effects
@: tree-form
A: stationary, stasis, torment immunity, boosted hp, AC +5, unfitting armour,
(cold-blooded)
a: no special abilities


You were on level 3 of the Dungeon.
You were a tree.
You visited 1 branch of the dungeon, and saw 3 of its levels.

You collected 175 gold pieces.

Inventory:

Armour
 l - a +1 pair of gloves (melded)
 n - a +2 cloak (melded)
Jewellery
 d - a ring of wizardry
 f - a ring of positive energy
 i - a ring of wizardry
 m - a ring of poison resistance
Talismans
 b - a beast talisman
 c - a flux talisman
Scrolls
 e - 2 scrolls of fog {unknown}
 g - 2 scrolls of teleportation {unknown}
 h - 4 scrolls of identify {unknown}
 j - a scroll of poison {unknown}
 p - a scroll of noise {unknown}
 s - 2 scrolls of fear {unknown}
Potions
 a - a potion of lignification
 k - a potion of mutation {unknown}
 o - a potion of brilliance {unknown}
 q - a potion of enlightenment {unknown}
 r - a potion of heal wounds {unknown}


   Skills:
 - Level 1.2 Fighting
 - Level 2.1 Dodging
 - Level 3.0 Unarmed Combat
 * Level 4.8 Shapeshifting


You had 3 spell levels left.
You didn't know any spells.
Your spell library was empty.

Dungeon Overview and Level Annotations

Branches:
Dungeon (3/15)

Altars:
Dithmenos
Nemelex Xobeh
Qazlal
Uskayaw
Yredelemnul

Shops:
D:1 ?

Annotations:
D:3 1 transporter


Innate Abilities, Weirdness & Mutations

You are a tree.
Your roots penetrate the ground, keeping you stationary.
You cannot be teleported.
You are immune to unholy pain and torment.
Your maximum health is greatly increased.
Your equipment is partially melded.
((Your plain brown scales are hard. (AC +5)))
You cannot fit into any form of body armour.
((You are cold-blooded and may be slowed by cold attacks.))


Message History

The bullfrog hits you but does no damage.
The endoplasm hits you but does no damage.
The iguana bites you but does no damage.
The ice beast hits you. The ice beast freezes you!
The bullfrog hits you but does no damage.
You hit the iguana.
The iguana is heavily wounded.
The iguana bites you but does no damage.
The endoplasm barely misses you. The ice beast hits you.
The ice beast freezes you!
The bullfrog hits you but does no damage.
Unknown command.
You hit the iguana but do no damage.
The iguana is heavily wounded.
The bullfrog hits you but does no damage.
The endoplasm hits you but does no damage.
The iguana bites you but does no damage.
The ice beast hits you but does no damage.
The bullfrog hits you but does no damage.
You barely miss the iguana.
The iguana is heavily wounded.
The iguana bites you but does no damage.
The endoplasm hits you but does no damage.
The ice beast hits you but does no damage.
The bullfrog hits you but does no damage.
Unknown command.
You closely miss the iguana.
The iguana is heavily wounded.
The bullfrog barely misses you.
The endoplasm hits you but does no damage.
The iguana bites you. The ice beast hits you. The ice beast freezes you!
* * * LOW HITPOINT WARNING * * *
Unknown command.
You hit the iguana.
The iguana is heavily wounded.
The bullfrog hits you.
* * * LOW HITPOINT WARNING * * *
The endoplasm freezes you.
You are frozen.
You die...

###### ##....####
#####...#....##
##.....©.......#
#######..#########....
#....##.##8..5..8##...
#....##.#...JlF...#...
#..>..#.#...Y♣....#...
#.......#.........#....#
#.....#.#........©#....#
#.....#.#.........#....#
#.....#.#.........#....+
###.....#..$?$)?..#....#
#...#.##8$___$8##....#
#...#..#########.....#
#...##.....©........(#
.#


You could see an ice beast, a bullfrog, an iguana, a shadow imp and an
endoplasm.

Vanquished Creatures
  Robin (D:2)
  4 adders
  A worm (D:2)
  A dart slug (D:2)
  4 bats
  An endoplasm (D:2)
  2 giant cockroaches (D:1)
  16 goblins
  7 hobgoblins
  12 jackals
  7 quokkas
  5 ball pythons
  4 frilled lizards
  5 kobolds
  4 rats
74 creatures vanquished.

Notes
Turn   | Place    | Note
-------+----------+-------------------------------------------
     0 | D:1      | innerfire43 the Draconian Shapeshifter began the quest for
                  | the Orb.
     0 | D:1      | Reached XP level 1. HP: 16/16 MP: 1/1
    61 | D:1      | Reached XP level 2. HP: 23/23 MP: 2/2
   215 | D:1      | Reached XP level 3. HP: 23/28 MP: 3/3
   320 | D:1      | Found Onoqawk's Magic Scroll Emporium.
   985 | D:2      | Reached skill level 4 in Shapeshifting
  1004 | D:2      | Reached XP level 4. HP: 24/35 MP: 4/4
  1019 | D:2      | Noticed Robin
  1034 | D:2      | Killed Robin
  2041 | D:3      | Found a shadowy altar of Dithmenos.
  2069 | D:3      | Found a sparkling altar of Nemelex Xobeh.
  2153 | D:3      | Found a basalt altar of Yredelemnul.
  2153 | D:3      | Noticed an ice beast
  2153 | D:3      | Noticed a bullfrog
  2156 | D:3      | Found a stormy altar of Qazlal.
  2156 | D:3      | Found a hide-covered altar of Uskayaw.
  2156 | D:3      | Found a transporter.
  2335 | D:3      | Found a transporter.
  2357 | D:3      | Frozen to death by an endoplasm

Illustrated notes

Levels and vault maps discovered:
D:1:      spicycebolla_green_bress_n_ham_2, layout_rooms, serial_shops, shop,
          minmay_misc_feat_hallway
D:2:      layout_basic, uniq_robin
D:3:      minmay_evil_eye, layout_basic,
          mainiacjoe_overflow_concentric_impassable, lemuel_tele_altar,
          gammafunk_temple_overflow_arena, nemelex_altar_shiori,
          kennysheep_generic_room_6

Skill      XL: |  1  2  3 |
---------------+----------+-----
Dodging        | 2 |  2.1
Shapeshifting  | 4 |  4.8
Fighting       | |  1.2
Unarmed Combat | |  3.0

Action                     |  1- 3 |  4- 6 || total
---------------------------+-------+-------++-------
  Melee: Unarmed           |   106 |    91 ||   197
         Tailslap          |     7 |    14 ||    21
         Punch             |     5 |       ||     5
    Use: Potion            |     2 |     1 ||     3
 Armour: Skin              |    44 |    57 ||   101
  Dodge: Dodged            |    82 |    66 ||   148
   Form: Flux              |       |     1 ||     1

Table legend: (Time is in decaauts)
 A = Elapsed time spent in this place.
 B = Non-inter-level travel time spent in this place.
 C = Inter-level travel time spent in this place.
 D = Time resting spent in this place.
 E = Time spent auto-exploring this place.
 F = Levels seen in this place.
 G = Mean time per level.
                   A        B        C        D        E       F      G
               +--------+--------+--------+--------+--------+-----+--------+
         Total |   2346 |   2042 |    304 |      0 |   1607 |   3 |  782.0 |
       Dungeon |   2346 |   2042 |    304 |      0 |   1607 |   3 |  782.0 |
               +--------+--------+--------+--------+--------+-----+--------+

Top non-repeatable levels by time:
     D:2: 1073 daAuts
     D:3: 702 daAuts
     D:1: 570 daAuts
